 Dungeon Crawl Stone Soup version 0.28-a0-909-g796cbd3a86 (webtiles) character file.

Game seed: 601757863029494384

228581 Ijustatesigmund the Blocker (level 19, -7/153 HPs)
             Began as a Gnoll Fighter on Nov 23, 2021.
             Was the Champion of Cheibriados.
             Killed from afar by a fire giant (52 damage)
             ... with a fireball
             ... on level 2 of the Depths on Nov 24, 2021.
             The game lasted 01:59:06 (49615 turns).

Ijustatesigmund the Blocker (Gnoll Fighter)        Turns: 49615, Time: 01:59:08

Health: -7/153     AC: 28    Str: 36    XL:     19   Next: 42%
Magic:  31/36      EV: 25    Int: 28    God:    Cheibriados [******]
Gold:   1089       SH: 12    Dex: 36    Spells: 14/44 levels left

rFire   . . .      SeeInvis +   S - +9 war axe of Tineamel {drain, rElec rPois rF- Dex+8}
rCold   + . .      Faith    .   c - +1 buckler
rNeg    + + .      Spirit   .   N - +3 chain mail "Feen" {+Blink rC+ SInv}
rPois   +          Reflect  .   p - +3 hat of Absolutism {rCorr Str+4}
rElec   +          Harm     .   U - +2 cloak {Will+}
rCorr   +          Rampage  .   l - +0 pair of gloves of Fun and Games {rN+ Will+}
Will    +++..                   j - +2 pair of boots
Stlth   +++++.....              X - amulet of regeneration
HPRegen 1.35/turn               y - ring of Ashenzari's Pride {Wiz Stlth+}
MPRegen 0.25/turn               z - ring "Jemnaucuen" {rF+ rN+ Slay+2}

@: very slow
A: fangs 1, strong nose, distributed training
}: 1/15 runes: serpentine
a: Renounce Religion, Evoke Blink, Bend Time, Temporal Distortion, Slouch, Step
From Time


You were on level 2 of the Depths.
You worshipped Cheibriados.
Cheibriados was exalted by your worship.
You visited 7 branches of the dungeon, and saw 33 of its levels.
You also visited: Ossuary and Gauntlet.

You collected 3651 gold pieces.
You spent 2562 gold pieces at shops.

Inventory:

Hand Weapons
 a - a +5 broad axe of protection
 S - the +9 war axe of Tineamel (weapon) {drain, rElec rPois rF- Dex+8}
   (You found it on level 3 of the Lair of Beasts)

   A truly terrible weapon, it drains the life of any living foe it strikes.
   Dex:       It affects your dexterity (+8).
   rF:        It makes you vulnerable to fire.
   rElec:     It insulates you from electricity.
   rPois:     It protects you from poison.
Missiles
 i - 66 poisoned darts (quivered)
 w - 2 throwing nets
 Z - 11 javelins
Armour
 c - a +1 buckler (worn)
 j - a +2 pair of boots (worn)
 l - the +0 pair of gloves of Fun and Games (worn) {rN+ Will+}
   (You found it on level 11 of the Dungeon)

   rN:        It protects you from negative energy.
   Will:      It increases your willpower.
 p - the +3 hat of Absolutism (worn) {rCorr Str+4}
   (You found it in a Gauntlet)

   Str:       It affects your strength (+4).
   rCorr:     It protects you from acid and corrosion.
 N - the +3 chain mail "Feen" (worn) {+Blink rC+ SInv}
   (You found it on level 4 of the Snake Pit)

   rC:        It protects you from cold.
   SInv:      It lets you see invisible.
   +Blink:    It lets you blink.
 P - the +2 leather armour "Goibett" {+Blink rF+++ rCorr Str-5}
   (You bought it in a shop on level 3 of the Snake Pit)

   Str:       It affects your strength (-5).
   rF:        It renders you almost immune to fire.
   +Blink:    It lets you blink.
   rCorr:     It protects you from acid and corrosion.
 U - a +2 cloak of willpower (worn)
Jewellery
 e - a ring of resist corrosion
 h - a ring of willpower
 v - a ring of protection from fire
 y - the ring of Ashenzari's Pride (left hand) {Wiz Stlth+}
   (You found it on level 10 of the Dungeon)

   [ring of wizardry]

   It improves your spell success rate.
   Stlth:     It makes you more stealthy.
 z - the ring "Jemnaucuen" (right hand) {rF+ rN+ Slay+2}
   (You took it off a centaur warrior on level 14 of the Dungeon)

   [ring of positive energy]

   Slay:      It affects your accuracy & damage with ranged weapons and melee
   (+2).
   rF:        It protects you from fire.
   rN:        It protects you from negative energy.
 L - a ring of protection from cold
 W - a ring of ice
 X - an amulet of regeneration (around neck)
Wands
 g - a wand of paralysis (29)
 q - a wand of charming (22)
 t - a wand of mindburst (3)
 A - a wand of iceblast (32)
 J - a wand of polymorph (36)
 R - a wand of digging (3)
Scrolls
 b - 2 scrolls of immolation
 o - a scroll of holy word
 x - 2 scrolls of amnesia
 B - 8 scrolls of teleportation
 F - 3 scrolls of enchant armour
 H - 11 scrolls of identify
 I - 2 scrolls of fear
 K - a scroll of acquirement
 M - 2 scrolls of silence
 O - 6 scrolls of fog
 Q - 5 scrolls of blinking
 T - 2 scrolls of summoning
 V - 2 scrolls of magic mapping
Potions
 d - 3 potions of might
 f - 3 potions of brilliance
 k - 4 potions of ambrosia
 m - 9 potions of curing
 n - 5 potions of flight
 r - 3 potions of attraction
 s - 5 potions of lignification
 u - 2 potions of mutation
 C - 3 potions of resistance
 D - a potion of magic
 E - 2 potions of cancellation
 G - 2 potions of heal wounds


   Skills:
 + Level 14.5 Fighting
 + Level 13.1 Short Blades
 + Level 13.1 Long Blades
 + Level 13.8 Axes
 + Level 13.1 Maces & Flails
 + Level 13.1 Polearms
 + Level 13.1 Staves
 + Level 13.1 Slings
 + Level 13.1 Bows
 + Level 13.1 Crossbows
 + Level 13.1 Throwing
 + Level 14.5 Armour
 + Level 13.1 Dodging
 + Level 13.1 Stealth
 + Level 14.5 Shields
 + Level 13.1 Unarmed Combat
 + Level 13.1 Spellcasting
 + Level 11.1 Conjurations
 + Level 11.1 Hexes
 + Level 11.1 Summonings
 + Level 11.1 Necromancy
 + Level 11.1 Translocations
 + Level 11.1 Transmutations
 + Level 11.1 Fire Magic
 + Level 11.1 Ice Magic
 + Level 11.1 Air Magic
 + Level 11.1 Earth Magic
 + Level 11.1 Poison Magic
 + Level 14.2 Invocations
 + Level 13.1 Evocations


You had 14 spell levels left.
You knew the following spells:

 Your Spells              Type           Power      Damage    Failure   Level
a - Apportation           Tloc           100%       N/A       1%          1
b - Flame Wave            Conj/Fire      69%        3d12      1%          4
c - Passage of Golubria   Tloc           69%        N/A       1%          4
d - Passwall              Tmut/Erth      57%        N/A       1%          2
e - Stone Arrow           Conj/Erth      100%       3d13      1%          3
f - Lightning Bolt        Conj/Air       34%        1d52      1%          5
g - Borgnjor's Vile Clut  Necr/Erth      34%        N/A       1%          5
h - Summon Cactus Giant   Summ           34%        N/A       5%          6

Your spell library contained the following spells:

 Spells                   Type           Power      Damage    Failure   Level
 Animate Skeleton         Necr           100%       N/A       1%          1
 Foxfire                  Conj/Fire      100%       2x1d9     1%          1
 Pain                     Necr           100%       1d9       1%          1
 Sandblast                Erth           100%       2d20      1%          1
 Slow                     Hex            100%       N/A       1%          1
 Sting                    Tmut/Pois      100%       1d8       1%          1
 Summon Small Mammal      Summ           100%       N/A       1%          1
 Corpse Rot               Necr/Air       100%       N/A       1%          2
 Ensorcelled Hibernation  Hex/Ice        100%       N/A       1%          2
 Scorch                   Fire           100%       2d10      1%          2
 Static Discharge         Conj/Air       69%        N/A       1%          2
 Sublimation of Blood     Necr           69%        N/A       1%          2
 Call Canine Familiar     Summ           69%        N/A       1%          3
 Confusing Touch          Hex            69%        N/A       1%          3
 Conjure Flame            Conj/Fire      69%        6-21      1%          3
 Frozen Ramparts          Ice            100%       1d12      1%          3
 Ignite Poison            Fire/Tmut/Pois 69%        N/A       1%          3
 Inner Flame              Hex/Fire       69%        N/A       1%          3
 Portal Projectile        Hex/Tloc       100%       N/A       1%          3
 Spider Form              Tmut/Pois      69%        N/A       1%          3
 Tukima's Dance           Hex            69%        N/A       1%          3
 Vampiric Draining        Necr           69%        2d10      1%          3
 Dispel Undead            Necr           69%        3d23      1%          4
 Hailstorm                Conj/Ice       69%        3d14      1%          4
 Ice Form                 Ice/Tmut       69%        N/A       1%          4
 Leda's Liquefaction      Hex/Erth       34%        N/A       1%          4
 Olgreb's Toxic Radiance  Pois           69%        N/A       1%          4
 Petrify                  Tmut/Erth      69%        N/A       1%          4
 Summon Ice Beast         Ice/Summ       69%        N/A       1%          4
 Alistair's Intoxication  Tmut/Pois      46%        N/A       1%          5
 Blade Hands              Tmut           34%        N/A       1%          5
 Fireball                 Conj/Fire      34%        3d14      1%          5
 Irradiate                Conj/Tmut      34%        3d24      1%          5
 Iskenderun's Battlesphe  Conj           69%        2d12      1%          5
 Yara's Violent Unravell  Hex/Tmut       34%        3d14      1%          5
 Conjure Ball Lightning   Conj/Air       34%        3x3d11    5%          6
 Death Channel            Necr           34%        N/A       5%          6
 Eringya's Noxious Bog    Tmut/Pois      34%        N/A       5%          6
 Simulacrum               Ice/Necr       34%        N/A       5%          6
 Dragon Form              Tmut           34%        N/A       26%         7
 Orb of Destruction       Conj           34%        9d12      26%         7
 Ozocubu's Refrigeration  Ice            34%        4d11      26%         7
 Maxwell's Capacitive Co  Air            34%        ∞         89%         8


Dungeon Overview and Level Annotations

Branches:
Dungeon (15/15)            Temple (1/1) D:7            Lair (6/6) D:11
 Shoals (0/4) Lair:4        Snake (4/4) Lair:3        Slime (0/5) Lair:6
    Orc (2/2) D:9             Elf (0/3) Orc:2        Vaults (2/5) D:14
 Depths (3/4) D:15        Ossuary (visited)         Gauntlet (visited)
  Crypt: Vaults:2-3

Altars:
Ashenzari
Cheibriados
Dithmenos
Elyvilon
Fedhas
Gozag
Hepliaklqana
Kikubaaqudgha
Makhleb
Nemelex Xobeh
Okawaru
Qazlal
Ru
Sif Muna
Trog
Uskayaw
Vehumet
Wu Jian
Xom
Yredelemnul
Zin
The Shining One
Beogh
Jiyva
Lugonu

Shops:
D:3 !   D:9 *[(   D:15 ?   Orc:1 !?   Orc:2 ***[   Snake:3 [(**   Vaults:1 *
Depths:1 :=:

Portals:
Hell: Depths:1
Abyss: Depths:1
Pandemonium: Depths:1


Innate Abilities, Weirdness & Mutations

You have very sharp teeth.
Your uncanny sense of smell can sniff out nearby items.
Your experience applies equally to all skills.


Message History

You slice the spark wasp!! You drain the spark wasp!
You kill the spark wasp!
Cheibriados thoroughly appreciates the change of pace.
You slash the fire giant!
The fire giant gestures at you while chanting.
The fireball explodes!
The fireball engulfs you!!
The fireball engulfs the fire giant.
The fire giant resists.
You hear a shout! x3
You slice the fire giant!! You drain the fire giant.
The fire giant is severely wounded.
The fire giant barely misses you.
You slash the fire giant!
The fire giant is almost dead.
The fire giant gestures at you while chanting.
The bolt of fire hits you!!
Casting: Borgnjor's Vile Clutch (mildly dangerous; 1% risk of failure)
Confirm with . or Enter, or press ? or * to list all spells.
Aiming: Borgnjor's Vile Clutch (mildly dangerous; 1% risk of failure)
Press: ? - help, Shift-Dir - straight line, f - fire giant
Aim: a fire giant, wielding a +1 great sword of flaming (100% to hit)
Zombie hands grab the fire giant.
The zombie hands constrict the fire giant.
You hear a shout!
A deep troll comes into view.
The fire giant struggles to escape constriction.
The fire giant casts a spell at you. The bolt of fire misses you.
You are too injured to fight recklessly!
You slice the fire giant!!
You kill the fire giant!
Cheibriados appreciates the change of pace.
The zombie hands constrict the fire giant.
The fire giant escapes!
A deep troll earth mage comes into view.
The fire giant casts a spell at you. The bolt of fire hits you!
* * * LOW HITPOINT WARNING * * *
The fire giant gestures at you while chanting.
The fireball explodes!
The fireball engulfs you!!!
You die...

#........#
#...T....#
#........#..
###........#..
.'.^.T....'.^
#........#
#...C....#
#..†@)...# #
#........#
#.##........#
#..'........#
####........#
#........#
#........#
#........#
#........##


You could see a fire giant, a deep troll and a deep troll earth mage.

Vanquished Creatures
  4 caustic shrikes (Depths:2)
  Vashnia (Snake:4)
  Jorgrun (D:15)
  A lich (Vaults:1)
  Asterion (Depths:1)
  A sphinx (Vaults:1)
  An ancient champion (Depths:1)
  Kirke (Snake:2)
  5 nagarajas
  2 draconian knights (Depths:1)
  A vault warden (Vaults:1)
  A deep elf sorcerer (Vaults:1)
  2 frost giants (Vaults:1)
  3 fire giants
  Aizul (Snake:4)
  An orc warlord (Vaults:1)
  A juggernaut zombie (Depths:2)
  6 stone giants
  11 very ugly things
  4 ironbound preservers
  A minotaur (Gauntlet)
  3 dire elephants (Vaults:1)
  2 spark wasps (Depths:2)
  An entropy weaver (Vaults:1)
  6 ettins
  Josephine (D:10)
  A fire dragon (D:15)
  A yaktaur captain (Vaults:1)
  2 ironbound thunderhulks (Vaults:1)
  14 naga warriors
  4 boulder beetles
  A great orb of eyes (Depths:1)
  5 ice dragons
  Erolcha (D:10)
  9 hydras
  A hell beast (Depths:1)
  3 salamander tyrants (Snake:4)
  3 catoblepae
  2 ironbound frosthearts (Vaults:1)
  2 ogre magi (Vaults:1)
  14 anacondas
  5 tengu warriors
  4 centaur warriors
  A deep troll shaman (Depths:1)
  3 two-headed ogres
  3 deep troll earth magi (Depths:1)
  5 orc high priests (Orc:2)
  6 shock serpents
  22 naga sharpshooters
  4 salamander mystics
  4 iron trolls (Depths:1)
  A sixfirhy (Depths:1)
  13 skeletal warriors
  3 deep trolls (Depths:1)
  6 naga ritualists
  A wizard (D:14)
  3 ironbound convokers (Vaults:1)
  10 orc knights
  A necromancer (Depths:2)
  An orc sorcerer (Orc:2)
  2 deep elf pyromancers (D:14)
  5 mana vipers
  An oklob plant (Lair:6)
  3 manticores
  15 ugly things
  17 salamanders
  4 cyclopes
  A sphinx skeleton (Depths:2)
  3 elephants (Lair:6)
  22 naga magi
  A vault sentinel (Vaults:1)
  36 black mambas
  3 guardian serpents (Snake:3)
  2 rust devils
  2 torpor snails
  A merfolk siren (Lair:4)
  A cane toad (shapeshifter) (D:13)
  5 rime drakes
  Maggie (D:6)
  9 cane toads
  A kobold demonologist (D:14)
  19 komodo dragons
  A tengu conjurer (Depths:1)
  A freezing wraith (D:14)
  5 yaktaurs
  8 trolls
  A red devil (Depths:1)
  A merfolk (Lair:4)
  3 meliai (D:14)
  A wind drake (shapeshifter) (D:14)
  6 hornets
  10 slime creatures
  Prince Ribbit (D:8)
  7 polar bears (Lair:6)
  9 blink frogs
  A raiju (Gauntlet)
  Grinder (D:6)
  9 dream sheep (Lair:6)
  11 spriggans (Lair:6)
  6 wyverns
  A ynoxinul (Gauntlet)
  A water elemental (Depths:2)
  6 wraiths
  61 yaks
  4 hogs (Snake:2)
  A chaos spawn (Depths:1)
  4 basilisks
  3 steam dragons
  17 vampire mosquitoes
  53 nagas
  10 water moccasins
  A warg (Orc:2)
  A human zombie (Depths:2)
  Duvessa (D:7)
  3 black bears
  2 necrophages
  An ice beast (D:5)
  35 orc warriors
  A sky beast (D:6)
  16 wolves
  A centaur (D:11)
  4 ogres (Orc:1)
  7 boggarts
  4 kobold brigands
  12 bullfrogs
  An elf zombie (Ossuary)
  8 scorpions
  A water moccasin zombie (D:7)
  Dowan (D:7)
  6 killer bees
  12 wights
  2 howler monkeys (D:12)
  10 electric eels
  7 centaur zombies
  5 hounds
  2 centaur skeletons (D:6)
  24 orc priests
  A bullfrog skeleton (D:7)
  2 iron imps (Gauntlet)
  2 iguanas (D:6)
  9 orc wizards
  8 hell rats (Lair:4)
  3 ogre zombies (Ossuary)
  3 mummies (Ossuary)
  A howler monkey zombie (D:10)
  3 gnolls (Orc:1)
  5 adders
  5 river rats (Lair:4)
  An adder zombie (Ossuary)
  3 adder skeletons (D:4)
  A worm (D:3)
  3 dart slugs
  73 orcs
  13 endoplasms
  3 giant cockroaches
  A gnoll zombie (Ossuary)
  2 goblins
  9 hobgoblins
  11 jackals
  2 quokkas
  3 ball pythons
  8 bats
  9 frilled lizards
  4 goblin zombies (Ossuary)
  7 hobgoblin zombies (Ossuary)
  27 kobolds
  3 kobold zombies (Ossuary)
  4 quokka zombies (Ossuary)
  7 rats
  4 rat zombies (Ossuary)
1027 creatures vanquished.

Vanquished Creatures (collateral kills)
  A stone giant (Depths:1)
  A wizard (Vaults:1)
  2 ugly things (Vaults:1)
  A naga mage (Snake:4)
  2 slime creatures (Vaults:1)
  An acid dragon (D:9)
  A killer bee (D:8)
  An iron imp (Gauntlet)
  3 mummies (Ossuary)
  A howler monkey zombie (D:9)
  2 orcs (D:9)
16 creatures vanquished.

Vanquished Creatures (others)
  An orc knight (Orc:2)
  A black mamba (Snake:2)
  A human (Snake:2)
  A naga (Lair:3)
  An orc warrior (Orc:2)
  2 killer bees (D:8)
  An iron imp (Gauntlet)
  An orc wizard (D:8)
  A mummy (Ossuary)
  A bush (Depths:1)
  29 fungi
  80 plants
120 creatures vanquished.

Grand Total: 1163 creatures vanquished

Notes
Turn   | Place    | Note
-------+----------+-------------------------------------------
     0 | D:1      | Ijustatesigmund the Gnoll Fighter began the quest for the
                  | Orb.
     0 | D:1      | Reached XP level 1. HP: 23/23 MP: 1/1
   218 | D:1      | Found a faded altar of an unknown god.
   241 | D:1      | Reached XP level 2. HP: 26/29 MP: 2/2
   952 | D:1      | Reached XP level 3. HP: 35/35 MP: 3/3
  1192 | D:2      | Reached skill level 1 in Invocations
  1298 | D:2      | Reached skill level 1 in Short Blades
  1298 | D:2      | Reached skill level 1 in Long Blades
  1298 | D:2      | Reached skill level 1 in Maces & Flails
  1298 | D:2      | Reached skill level 1 in Polearms
  1298 | D:2      | Reached skill level 1 in Staves
  1298 | D:2      | Reached skill level 1 in Slings
  1298 | D:2      | Reached skill level 1 in Bows
  1298 | D:2      | Reached skill level 1 in Crossbows
  1298 | D:2      | Reached skill level 1 in Throwing
  1298 | D:2      | Reached skill level 1 in Dodging
  1298 | D:2      | Reached skill level 1 in Stealth
  1298 | D:2      | Reached skill level 1 in Unarmed Combat
  1298 | D:2      | Reached skill level 1 in Spellcasting
  1298 | D:2      | Reached skill level 1 in Evocations
  1679 | D:2      | Reached XP level 4. HP: 41/41 MP: 5/5
  1926 | D:3      | Found Muipluf's Distillery.
  1934 | D:3      | Bought a potion of curing for 39 gold pieces
  1934 | D:3      | Bought a potion of heal wounds for 65 gold pieces
  2022 | D:3      | Reached skill level 1 in Conjurations
  2022 | D:3      | Reached skill level 1 in Hexes
  2022 | D:3      | Reached skill level 1 in Summonings
  2022 | D:3      | Reached skill level 1 in Necromancy
  2022 | D:3      | Reached skill level 1 in Translocations
  2022 | D:3      | Reached skill level 1 in Transmutations
  2022 | D:3      | Reached skill level 1 in Fire Magic
  2022 | D:3      | Reached skill level 1 in Ice Magic
  2022 | D:3      | Reached skill level 1 in Air Magic
  2022 | D:3      | Reached skill level 1 in Earth Magic
  2022 | D:3      | Reached skill level 1 in Poison Magic
  2027 | D:3      | Reached XP level 5. HP: 47/47 MP: 5/7
  2375 | D:3      | Found a sacrificial altar of Ru.
  2628 | D:4      | Noticed a black bear
  2644 | D:4      | Killed a black bear
  2645 | D:4      | Reached XP level 6. HP: 25/53 MP: 8/8
  2925 | D:4      | Found a radiant altar of Vehumet.
  2932 | D:4      | Found a burning altar of Makhleb.
  2943 | D:4      | Found a white marble altar of Elyvilon.
  2950 | D:4      | Found an iron altar of Okawaru.
  2958 | D:4      | Found a sparkling altar of Nemelex Xobeh.
  2963 | D:4      | Found a basalt altar of Yredelemnul.
  2980 | D:4      | Found a shimmering blue altar of Sif Muna.
  3149 | D:4      | Reached skill level 5 in Axes
  3815 | D:4      | Found a bloodstained altar of Trog.
  3928 | D:5      | Entered Level 5 of the Dungeon
  3944 | D:5      | Reached XP level 7. HP: 57/59 MP: 10/10
  4004 | D:5      | Found a sand-covered staircase.
  4008 | Ossuary  | Entered an ossuary
  5289 | D:5      | Reached XP level 8. HP: 47/67 MP: 12/12
  6200 | D:6      | Reached XP level 9. HP: 54/72 MP: 14/14
  6474 | D:6      | Noticed Grinder
  6500 | D:6      | Killed Grinder
  6571 | D:6      | Noticed Maggie
  6591 | D:6      | Killed Maggie
  7609 | D:6      | Reached skill level 5 in Invocations
  7939 | D:6      | Found an opulent altar of Gozag.
  9433 | D:7      | Reached XP level 10. HP: 69/78 MP: 17/17
  9660 | D:7      | Noticed Duvessa
  9661 | D:7      | Noticed Dowan
  9684 | D:7      | Killed Duvessa
  9684 | D:7      | Killed Dowan
  9690 | D:7      | Reached skill level 5 in Short Blades
  9690 | D:7      | Reached skill level 5 in Long Blades
  9690 | D:7      | Reached skill level 5 in Maces & Flails
  9690 | D:7      | Reached skill level 5 in Polearms
  9690 | D:7      | Reached skill level 5 in Staves
  9690 | D:7      | Reached skill level 5 in Slings
  9690 | D:7      | Reached skill level 5 in Bows
  9690 | D:7      | Reached skill level 5 in Crossbows
  9690 | D:7      | Reached skill level 5 in Throwing
  9690 | D:7      | Reached skill level 5 in Dodging
  9690 | D:7      | Reached skill level 5 in Stealth
  9690 | D:7      | Reached skill level 5 in Unarmed Combat
  9690 | D:7      | Reached skill level 5 in Spellcasting
  9690 | D:7      | Reached skill level 5 in Evocations
 10205 | D:7      | Found a staircase to the Ecumenical Temple.
 10216 | Temple   | Entered the Ecumenical Temple
 10332 | Temple   | Became a worshipper of Cheibriados the Contemplative
 10533 | D:8      | Identified the +1 robe of Apliwnups {rC+ Str+4 Dex+3}
 11948 | D:8      | Reached * piety under Cheibriados
 12502 | D:8      | Noticed Prince Ribbit
 12517 | D:8      | Killed Prince Ribbit
 13105 | D:9      | Found Zosuzekk's Assorted Antiques.
 13115 | D:9      | Bought a pitted hunting sling for 130 gold pieces
 13115 | D:9      | Identified the +9 hunting sling "Wootank" {vorpal, Will+
                  | Int+4 Stlth+} (You bought it in a shop on level 9 of the
                  | Dungeon)
 13415 | D:9      | Found Femibb's Armour Shoppe.
 13416 | D:9      | Found a staircase to the Orcish Mines.
 13417 | D:9      | Found Wipripsa's Weapon Shoppe.
 13439 | D:9      | Reached XP level 11. HP: 59/87 MP: 19/19
 13440 | D:9      | Reached ** piety under Cheibriados
 14053 | D:9      | Found a glowing golden altar of the Shining One.
 14109 | D:9      | Paralysed by a hornet for 3 turns
 14123 | D:9      | Reached skill level 5 in Conjurations
 14123 | D:9      | Reached skill level 5 in Hexes
 14123 | D:9      | Reached skill level 5 in Summonings
 14123 | D:9      | Reached skill level 5 in Necromancy
 14123 | D:9      | Reached skill level 5 in Translocations
 14123 | D:9      | Reached skill level 5 in Transmutations
 14123 | D:9      | Reached skill level 5 in Fire Magic
 14123 | D:9      | Reached skill level 5 in Ice Magic
 14123 | D:9      | Reached skill level 5 in Air Magic
 14123 | D:9      | Reached skill level 5 in Earth Magic
 14123 | D:9      | Reached skill level 5 in Poison Magic
 14549 | D:10     | Entered Level 10 of the Dungeon
 14570 | D:10     | Noticed Josephine
 14590 | D:10     | Killed Josephine
 14785 | D:9      | HP: 6/129 [wraith[Josephine] (5)]
 15085 | D:10     | Noticed Erolcha
 15093 | D:10     | Killed Erolcha
 15764 | D:10     | Reached *** piety under Cheibriados
 15919 | D:10     | Identified the ring of Ashenzari's Pride {Wiz Stlth+}
 16642 | D:11     | Identified the +0 pair of gloves of Fun and Games {rN+
                  | Will+}
 16690 | D:11     | Got the Papyrus of Ice
 17552 | D:11     | Found a burning altar of Makhleb.
 17872 | D:11     | Noticed a boulder beetle
 17882 | D:11     | Killed a boulder beetle
 17883 | D:11     | Reached XP level 12. HP: 96/96 MP: 22/22
 17905 | D:11     | Found a staircase to the Lair.
 20173 | D:12     | Noticed a seven-headed hydra
 20179 | D:12     | Killed a seven-headed hydra
 20180 | D:12     | Reached skill level 10 in Fighting
 20180 | D:12     | Reached skill level 10 in Armour
 20180 | D:12     | Reached skill level 10 in Shields
 20275 | D:12     | Learned a level 1 spell: Apportation
 20280 | D:12     | Learned a level 4 spell: Flame Wave
 20289 | D:12     | Noticed a two-headed ogre
 20297 | D:12     | Killed a two-headed ogre
 20518 | D:12     | Reached **** piety under Cheibriados
 21262 | D:13     | Noticed a boulder beetle
 21281 | D:13     | Killed a boulder beetle
 21622 | D:13     | Noticed a two-headed ogre
 21632 | D:13     | Killed a two-headed ogre
 22264 | Lair:1   | Entered Level 1 of the Lair of Beasts
 22393 | Lair:1   | Found a gate leading to a gauntlet.
 22403 | Gauntlet | Entered a Gauntlet
 22403 | Gauntlet | Found a transporter.
 22403 | Gauntlet | Found a runed translucent gate.
 22403 | Gauntlet | Found a runed translucent gate.
 22405 | Gauntlet | Found a runed translucent gate.
 22412 | Gauntlet | Found a transporter.
 22414 | Gauntlet | Found a transporter.
 22429 | Gauntlet | Found a transporter.
 22431 | Gauntlet | Found a transporter.
 22445 | Gauntlet | Found a transporter.
 22460 | Gauntlet | Found a transporter.
 22467 | Gauntlet | Found a transporter.
 22467 | Gauntlet | Noticed a hell beast
 22477 | Gauntlet | Found a transporter.
 22492 | Gauntlet | Found a transporter.
 22507 | Gauntlet | Found a transporter.
 22507 | Gauntlet | Found a transporter.
 22542 | Gauntlet | Reached XP level 13. HP: 82/103 MP: 24/24
 22693 | Gauntlet | Found a transporter.
 22737 | Gauntlet | Identified the +7 morningstar "Juahidd" {vorpal, Int+4}
 22737 | Gauntlet | Noticed a minotaur
 22754 | Gauntlet | Killed a minotaur
 22938 | Gauntlet | Identified the +3 hat of Absolutism {rCorr Str+4}
 22939 | Gauntlet | Got Oraje's Disquisition on Intoxication
 23029 | Lair:1   | Learned a level 4 spell: Passage of Golubria
 23260 | Lair:1   | Learned a level 2 spell: Passwall
 23264 | Lair:1   | Learned a level 3 spell: Stone Arrow
 24758 | Lair:3   | Found a staircase to the Snake Pit.
 24787 | Lair:3   | Reached ***** piety under Cheibriados
 24845 | Lair:3   | Identified the +9 war axe of Tineamel {drain, rElec rPois
                  | rF- Dex+8}
 26274 | Lair:4   | Found a staircase to the Shoals.
 27170 | Lair:5   | Reached skill level 10 in Axes
 27170 | Lair:5   | Reached XP level 14. HP: 85/113 MP: 26/26
 27578 | Lair:5   | Reached ****** piety under Cheibriados
 27762 | Lair:6   | Entered Level 6 of the Lair of Beasts
 28275 | Lair:6   | Reached skill level 10 in Invocations
 28907 | Lair:6   | Found a viscous altar of Jiyva.
 28907 | Lair:6   | Found a staircase to the Slime Pits.
 30033 | Orc:1    | Entered Level 1 of the Orcish Mines
 30033 | Orc:1    | Found Manin's Distillery.
 30147 | Orc:1    | Bought a potion of heal wounds for 70 gold pieces
 30147 | Orc:1    | Bought a potion of heal wounds for 70 gold pieces
 30147 | Orc:1    | Bought a potion of heal wounds for 70 gold pieces
 30246 | Orc:1    | Found Popyr's Magic Scroll Shop.
 30256 | Orc:1    | Bought a scroll of enchant weapon for 97 gold pieces
 30256 | Orc:1    | Bought a scroll of brand weapon for 260 gold pieces
 30258 | Orc:1    | Identified a scroll of acquirement
 30258 | Orc:1    | Acquired 600 gold pieces
 30436 | Orc:2    | Entered Level 2 of the Orcish Mines
 30660 | Orc:1    | Reached XP level 15. HP: 92/120 MP: 28/28
 32010 | Orc:2    | Reached skill level 10 in Short Blades
 32010 | Orc:2    | Reached skill level 10 in Long Blades
 32010 | Orc:2    | Reached skill level 10 in Maces & Flails
 32010 | Orc:2    | Reached skill level 10 in Polearms
 32010 | Orc:2    | Reached skill level 10 in Staves
 32010 | Orc:2    | Reached skill level 10 in Slings
 32010 | Orc:2    | Reached skill level 10 in Bows
 32010 | Orc:2    | Reached skill level 10 in Crossbows
 32010 | Orc:2    | Reached skill level 10 in Throwing
 32010 | Orc:2    | Reached skill level 10 in Dodging
 32010 | Orc:2    | Reached skill level 10 in Stealth
 32010 | Orc:2    | Reached skill level 10 in Unarmed Combat
 32010 | Orc:2    | Reached skill level 10 in Spellcasting
 32010 | Orc:2    | Reached skill level 10 in Evocations
 32216 | Orc:2    | Found a staircase to the Elven Halls.
 32395 | Orc:2    | Learned a level 5 spell: Lightning Bolt
 32666 | Orc:2    | Found Vopsa Qixzou's General Store.
 32666 | Orc:2    | Found Waunut's Antique Armour Shop.
 32667 | Orc:2    | Found Xiajato's Assorted Antiques.
 32667 | Orc:2    | Found Delun's General Store.
 32675 | Orc:2    | Bought a thin jade amulet for 155 gold pieces
 32686 | Orc:2    | Bought a potion of heal wounds for 80 gold pieces
 32686 | Orc:2    | Bought a potion of heal wounds for 80 gold pieces
 32692 | Orc:2    | Bought a scroll of blinking for 97 gold pieces
 33195 | D:15     | Entered Level 15 of the Dungeon
 34207 | D:14     | Identified the ring "Jemnaucuen" {rF+ rN+ Slay+2}
 34352 | D:14     | HP: 8/180 [skeletal warrior[a skeletal warrior] (8)]
 35190 | D:14     | You fall into a shaft and drop 1 floor!
 35198 | D:15     | Noticed Jorgrun
 35207 | D:15     | HP: 6/120 [constriction (12)]
 35219 | D:15     | Killed Jorgrun
 35221 | D:15     | HP: 6/121 [cyan ugly thing (13)]
 36248 | D:15     | Found a sacrificial altar of Ru.
 36397 | D:15     | Found Zurekhlaz's Magic Scroll Boutique.
 36404 | D:15     | Bought a scroll of teleportation for 36 gold pieces
 36404 | D:15     | Bought a scroll of blinking for 90 gold pieces
 36404 | D:15     | Bought a scroll of blinking for 90 gold pieces
 36404 | D:15     | Bought a scroll of teleportation for 36 gold pieces
 36404 | D:15     | Bought a scroll of blinking for 90 gold pieces
 36404 | D:15     | Bought a scroll of enchant armour for 90 gold pieces
 36680 | D:15     | Found a staircase to the Depths.
 37234 | D:14     | Reached XP level 16. HP: 127/128 MP: 30/30
 37274 | D:14     | Found a gate to the Vaults.
 37612 | Snake:1  | Entered Level 1 of the Snake Pit
 37842 | Lair:3   | Upgraded the game from 0.28-a0-899-gf2b78a14d2 to
                  | 0.28-a0-909-g796cbd3a86
 38832 | Snake:1  | Learned a level 5 spell: Borgnjor's Vile Clutch
 39836 | Snake:2  | Noticed a nagaraja
 39843 | Snake:2  | Killed a nagaraja
 40101 | Snake:2  | Noticed Kirke
 40111 | Snake:2  | Killed Kirke
 41508 | Snake:3  | Reached XP level 17. HP: 81/136 MP: 23/32
 42131 | Snake:3  | Found Waubb's Assorted Antiques.
 42134 | Snake:3  | Found Zoobb's Antique Armour Emporium.
 42135 | Snake:3  | Found Puklym's Antique Weapon Emporium.
 42136 | Snake:3  | Found Xodadia's General Store.
 42252 | Snake:3  | Bought a scroll of blinking for 157 gold pieces
 42256 | Snake:3  | Bought a scroll of blinking for 82 gold pieces
 42256 | Snake:3  | Bought a scroll of brand weapon for 220 gold pieces
 42269 | Snake:3  | Bought an encrusted leather armour for 210 gold pieces
 42269 | Snake:3  | Identified the +2 leather armour "Goibett" {+Blink rF+++
                  | rCorr Str-5} (You bought it in a shop on level 3 of the
                  | Snake Pit)
 43122 | Snake:4  | Entered Level 4 of the Snake Pit
 43239 | Snake:4  | Identified the +3 chain mail "Feen" {+Blink rC+ SInv}
 43880 | Snake:4  | Reached skill level 10 in Conjurations
 43880 | Snake:4  | Reached skill level 10 in Hexes
 43880 | Snake:4  | Reached skill level 10 in Summonings
 43880 | Snake:4  | Reached skill level 10 in Necromancy
 43880 | Snake:4  | Reached skill level 10 in Translocations
 43880 | Snake:4  | Reached skill level 10 in Transmutations
 43880 | Snake:4  | Reached skill level 10 in Fire Magic
 43880 | Snake:4  | Reached skill level 10 in Ice Magic
 43880 | Snake:4  | Reached skill level 10 in Air Magic
 43880 | Snake:4  | Reached skill level 10 in Earth Magic
 43880 | Snake:4  | Reached skill level 10 in Poison Magic
 44317 | Snake:4  | Noticed Vashnia
 44534 | Snake:4  | Killed Vashnia
 45000 | Snake:4  | Noticed Aizul
 45009 | Snake:4  | Killed Aizul
 45650 | Snake:4  | Reached XP level 18. HP: 138/144 MP: 34/34
 45705 | Snake:4  | Got a serpentine rune of Zot
 46048 | Lair:1   | Learned a level 6 spell: Summon Cactus Giant
 46112 | Vaults:1 | Entered Level 1 of the Vaults
 46310 | Vaults:1 | Found a huge runed gate.
 46310 | Vaults:1 | Found a huge runed gate.
 46310 | Vaults:1 | Found a huge runed gate.
 46310 | Vaults:1 | Found a huge runed gate.
 46310 | Vaults:1 | Found a huge runed gate.
 46310 | Vaults:1 | Found a huge runed gate.
 46310 | Vaults:1 | Found a huge runed gate.
 46311 | Vaults:1 | Found a huge runed gate.
 46311 | Vaults:1 | Found a huge runed gate.
 46311 | Vaults:1 | Found a huge runed gate.
 46315 | Vaults:1 | Found a huge runed gate.
 46315 | Vaults:1 | Found a huge runed gate.
 46315 | Vaults:1 | Found a huge runed gate.
 46315 | Vaults:1 | Found a huge runed gate.
 46315 | Vaults:1 | Found a huge runed gate.
 46315 | Vaults:1 | Found a huge runed gate.
 46316 | Vaults:1 | Found a huge runed gate.
 46317 | Vaults:1 | Found a huge runed gate.
 46318 | Vaults:1 | Found a huge runed gate.
 46326 | Vaults:1 | Found a huge runed gate.
 46326 | Vaults:1 | Found a huge runed gate.
 46326 | Vaults:1 | Found a huge runed gate.
 46326 | Vaults:1 | Found a huge runed gate.
 46326 | Vaults:1 | Found a huge runed gate.
 46326 | Vaults:1 | Found a huge runed gate.
 46327 | Vaults:1 | Found a huge runed gate.
 46328 | Vaults:1 | Found a huge runed gate.
 46329 | Vaults:1 | Found a huge runed gate.
 46337 | Vaults:1 | Found a huge runed gate.
 46337 | Vaults:1 | Found a huge runed gate.
 46337 | Vaults:1 | Found a huge runed gate.
 46337 | Vaults:1 | Found a huge runed gate.
 46337 | Vaults:1 | Found a huge runed gate.
 46337 | Vaults:1 | Found a huge runed gate.
 46338 | Vaults:1 | Found a huge runed gate.
 46347 | Vaults:1 | Noticed a lich
 46579 | Vaults:1 | Found Veti's Assorted Antiques.
 46587 | Vaults:1 | Bought a moonstone ring for 155 gold pieces
 46587 | Vaults:1 | Bought a scroll of teleportation for 93 gold pieces
 47031 | Vaults:1 | Killed a lich
 47181 | Vaults:1 | Identified the +1 ring mail of the Worm {Str+4}
 47813 | Depths:1 | Entered Level 1 of the Depths
 47875 | Depths:1 | Noticed Asterion
 47894 | Depths:1 | Killed Asterion
 48128 | Depths:1 | Found a one-way gate leading to the halls of Pandemonium.
 48438 | Depths:1 | Found a one-way gate to the infinite horrors of the Abyss.
 48525 | Depths:1 | Reached XP level 19. HP: 90/152 MP: 22/35
 48775 | Depths:1 | Found a gateway to Hell.
 48788 | Depths:1 | Found Liky's Book Emporium.
 48788 | Depths:1 | Found Domi's Jewellery Boutique.
 48789 | Depths:1 | Found Heanweag's Book Emporium.
 49493 | Depths:2 | Noticed a caustic shrike
 49495 | Depths:2 | Noticed a caustic shrike
 49495 | Depths:2 | Noticed a caustic shrike
 49496 | Depths:2 | Noticed a caustic shrike
 49506 | Depths:2 | Killed a caustic shrike
 49519 | Depths:2 | Killed a caustic shrike
 49524 | Depths:2 | Killed a caustic shrike
 49531 | Depths:2 | Killed a caustic shrike
 49615 | Depths:2 | Killed from afar by a fire giant

Illustrated notes

Levels and vault maps discovered:
D:1:      dpeg_arrival_simpleton_a, layout_basic, ebering_ecumenical_altar_box,
          minmay_heptomino_w4
D:2:      layout_basic
D:3:      layout_loops_ring, mainiacjoe_overflow_alcove_2, serial_shops,
          nicolae_shop_advertising_works [nicolae_subvault_shop_adworks]
D:4:      nicolae_cairo_tiling_very_big, layout_loops_ring,
          grunt_temple_overflow_octagram, trog_butcher_becter, eino_curves_01
D:5:      layout_loops_corners, nicolae_ossuary_entry_plus, serial_bayou_pond_d
D:6:      kb_forest_paths, layout_basic, old_standard_altar, uniq_maggie,
          uniq_grinder
D:7:      layout_loops_corners, minmay_temple_entry_fiery, uniq_duvessa
D:8:      layout_gridville, serial_bayou_lake_a, uniq_prince_ribbit1
D:9:      layout_roguey, kennysheep_mini_moat, orc_david_3, serial_shops, shop
D:10:     layout_basic, uniq_erolcha, uniq_josephine
D:11:     layout_cave_pools, lair_entry_dummy, bloody_makhleb
D:12:     layout_cave_pools, serial_column_ruins, column_ruins_hut,
          column_ruins_open_tiny, column_ruins_grid_1, column_ruins_grid_1
D:13:     layout_long_grid, grunt_decor_resistance
D:14:     layout_long_grid, skrybe_vaults_entry_preservation,
          roderic_serpentine_path
D:15:     grunt_enter_depths_hoard, layout_long_grid, serial_shops,
          shop_scrolls, nicolae_figureground_pulse, nicolae_water_bricks,
          nicolae_ru_awakened_eye, uniq_jorgrun
Temple:   kb_corrupted_temple
Lair:1:   layout_roguey, gauntlet_entry_generic
Lair:2:   layout_regular_city, serial_bayou, serial_bayou_pond_b,
          serial_bayou_pond_c, serial_bayou_pond_d, serial_bayou_lagoon_a
Lair:3:   layout_hall_layers, guppyfry_snake_entry_garden, grunt_megastairs_5,
          infiniplex_staircase_pool_2, serial_bayou_shore_a
Lair:4:   layout_regular_city, elwin_shoals_entry_rooms,
          kennysheep_abandoned_house, grunt_megastairs_2,
          infiniplex_staircase_pool
Lair:5:   layout_loops_ring
Lair:6:   minmay_lair_end_enchanted_forest, layout_cave_pods,
          dpeg_slime_entry_enclosed_altar, lemuel_fruit_fields
Snake:1:  layout_cave_shapes, grunt_megastairs_4
Snake:2:  layout_gridlike, uniq_kirke
Snake:3:  layout_grid_shapes, minmay_shop_grid_forest,
          chequers_hall_statues_wall_a
Snake:4:  minmay_snake_end_coiled, layout_chambers, grunt_megastairs_3,
          uniq_vashnia, uniq_aizul
Orc:1:    layout_caves, serial_shops, shop, nicolae_shop_hallway_plus
Orc:2:    st_orc_pillars, layout_caves, basic_altar
Vaults:1: nicolae_vaults_twisting_passages, grunt_vaults_trifunnel, v_pattern_4,
          door_vault, nicolae_vaults_inception_statues, v_misc_13,
          nicolae_vaults_back_hallway, ontoclasm_vaults_claustrophobia,
          hangedman_vaults_impose, nicolae_vaults_diagonal_hallway_7,
          nicolae_vaults_rhombus_6, layout_vaults_maze_snakey, serial_shops,
          nicolae_shop_trees
Vaults:2: nicolae_vaults_disjoint_gnomons, hangedman_vaults_trim,
          nicolae_vaults_branching_niches, v_misc_2,
          nicolae_vaults_yaktaur_gun_rack, hangedman_vaults_impose,
          vaults_standard_mumra_x, layout_vaults_omnigrid
Depths:1: layout_gridlike, abyss_entry_glasseish, grunt_pan_entry_sceptre,
          chequers_jeans, hell_entry, sword_in_stone, minmay_shop_grove
Depths:2: minmay_the_grid_3x2 [minmay_the_grid_odd_star,
          minmay_the_grid_tiny_cups, minmay_the_grid_minigrid_small,
          minmay_the_grid_minigrid_large, minmay_the_grid_tree,
          minmay_the_grid_prize_trominoes], layout_gridlike, grunt_hell_horde,
          rand_demon_pan_entry_9, infiniplex_staircase_squiggle,
          serial_bayou_shore_b, serial_bayou_shore_b
Depths:3: kennysheep_big_flooded_room, layout_cave_pools, enter_ziggurat_d,
          hell_entry, abyss_entry, evilmike_ruin_ashenzari

Skill      XL: |  1  2  3  4  5  6  7  8  9 10 11 12 13 14 15 16 17 18 19 |
---------------+----------------------------------------------------------+-----
Invocations    | 1 2 3 4 5 6 7 8 9 10 11 12 13 14 | 14.2
Short Blades   | 1 2 3 4 5 6 7 8 9 10 11 12 13 | 13.1
Long Blades    | 1 2 3 4 5 6 7 8 9 10 11 12 13 | 13.1
Maces & Flails | 1 2 3 4 5 6 7 8 9 10 11 12 13 | 13.1
Polearms       | 1 2 3 4 5 6 7 8 9 10 11 12 13 | 13.1
Staves         | 1 2 3 4 5 6 7 8 9 10 11 12 13 | 13.1
Slings         | 1 2 3 4 5 6 7 8 9 10 11 12 13 | 13.1
Bows           | 1 2 3 4 5 6 7 8 9 10 11 12 13 | 13.1
Crossbows      | 1 2 3 4 5 6 7 8 9 10 11 12 13 | 13.1
Throwing       | 1 2 3 4 5 6 7 8 9 10 11 12 13 | 13.1
Dodging        | 1 2 3 4 5 6 7 8 9 10 11 12 13 | 13.1
Stealth        | 1 2 3 4 5 6 7 8 9 10 11 12 13 | 13.1
Unarmed Combat | 1 2 3 4 5 6 7 8 9 10 11 12 13 | 13.1
Spellcasting   | 1 2 3 4 5 6 7 8 9 10 11 12 13 | 13.1
Evocations     | 1 2 3 4 5 6 7 8 9 10 11 12 13 | 13.1
Conjurations   | 1 2 3 4 5 6 7 8 9 10 11 | 11.1
Hexes          | 1 2 3 4 5 6 7 8 9 10 11 | 11.1
Summonings     | 1 2 3 4 5 6 7 8 9 10 11 | 11.1
Necromancy     | 1 2 3 4 5 6 7 8 9 10 11 | 11.1
Translocations | 1 2 3 4 5 6 7 8 9 10 11 | 11.1
Transmutations | 1 2 3 4 5 6 7 8 9 10 11 | 11.1
Fire Magic     | 1 2 3 4 5 6 7 8 9 10 11 | 11.1
Ice Magic      | 1 2 3 4 5 6 7 8 9 10 11 | 11.1
Air Magic      | 1 2 3 4 5 6 7 8 9 10 11 | 11.1
Earth Magic    | 1 2 3 4 5 6 7 8 9 10 11 | 11.1
Poison Magic   | 1 2 3 4 5 6 7 8 9 10 11 | 11.1
Axes           | 5 6 7 8 9 10 11 12 13 | 13.8
Fighting       | 7 8 9 10 11 12 13 14 | 14.5
Armour         | 7 8 9 10 11 12 13 14 | 14.5
Shields        | 7 8 9 10 11 12 13 14 | 14.5

Action                   |  1- 3 |  4- 6 |  7- 9 | 10-12 | 13-15 | 16-18 | 19-21 || total
-------------------------+-------+-------+-------+-------+-------+-------+-------++-------
Melee: War axe           |   107 |   186 |   415 |       |   388 |   755 |   130 ||  1981
       Bite              |     7 |    16 |    51 |    87 |   204 |   175 |    35 ||   575
       Morningstar       |       |       |    16 |   600 |   543 |    15 |       ||  1174
 Fire: Hunting sling     |       |       |       |    17 |       |       |       ||    17
Throw: Dart              |     4 |       |     5 |    61 |    46 |    12 |       ||   128
       Javelin           |       |       |       |       |       |    15 |       ||    15
 Cast: Flame Wave        |       |       |       |     5 |    10 |       |       ||    15
       Stone Arrow       |       |       |       |       |    22 |       |       ||    22
       Apportation       |       |       |       |       |    10 |     8 |     4 ||    22
       Lightning Bolt    |       |       |       |       |     7 |    16 |     1 ||    24
       Borgnjor's Vile C |       |       |       |       |       |    68 |     5 ||    73
       Passage of Golubr |       |       |       |       |       |     1 |       ||     1
       Summon Cactus Gia |       |       |       |       |       |     6 |       ||     6
Invok: Bend Time         |       |       |       |     6 |     4 |       |       ||    10
       Slouch            |       |       |       |     1 |     3 |     4 |       ||     8
       Step From Time    |       |       |       |       |     1 |       |       ||     1
Evoke: Wand              |       |       |    10 |    43 |    26 |    21 |       ||   100
  Use: Scroll            |     3 |     4 |    13 |     8 |    19 |     7 |       ||    54
       Potion            |       |       |     2 |     8 |    14 |     3 |       ||    27
 Stab: Paralysed         |       |       |    18 |    10 |     3 |       |       ||    31
       Sleeping          |       |       |     3 |    10 |    18 |    12 |     4 ||    47
       Distracted        |       |       |     1 |     1 |     5 |     3 |       ||    10
Armor: Scale mail        |    18 |       |       |       |       |       |       ||    18
       Chain mail        |    38 |   115 |   169 |       |       |   167 |    24 ||   513
       Acid dragon scale |       |       |    53 |   230 |     9 |       |       ||   292
       Skin              |       |       |       |    20 |       |       |       ||    20
       Quicksilver drago |       |       |       |       |   297 |   120 |       ||   417
Dodge: Dodged            |    43 |    71 |   166 |   445 |   747 |   829 |    70 ||  2371
Block: Buckler           |    30 |    56 |   125 |   250 |   541 |   604 |    47 ||  1653

Table legend: (Time is in decaauts)
 A = Elapsed time spent in this place.
 B = Non-inter-level travel time spent in this place.
 C = Inter-level travel time spent in this place.
 D = Time resting spent in this place.
 E = Time spent auto-exploring this place.
 F = Levels seen in this place.
 G = Mean time per level.
                   A        B        C        D        E       F      G
               +--------+--------+--------+--------+--------+-----+--------+
         Total |  63646 |  60657 |   2989 |  18847 |  30794 |  35 | 1818.5 |
       Dungeon |  30390 |  28970 |   1420 |  11478 |  13716 |  15 | 2026.0 |
        Temple |    138 |     97 |     41 |      0 |     80 |   1 |  138.0 |
          Lair |  10710 |   9970 |    740 |   1376 |   6904 |   6 | 1785.0 |
     Snake Pit |  11382 |  11002 |    380 |   3958 |   4857 |   4 | 2845.5 |
  Orcish Mines |   4002 |   3884 |    118 |    982 |   1739 |   2 | 2001.0 |
        Vaults |   2611 |   2438 |    173 |    245 |   1712 |   2 | 1305.5 |
        Depths |   2714 |   2600 |    114 |    375 |   1368 |   3 |  904.7 |
       Ossuary |    876 |    876 |      0 |    207 |    365 |   1 |  876.0 |
      Gauntlet |    821 |    821 |      0 |    224 |     52 |   1 |  821.0 |
               +--------+--------+--------+--------+--------+-----+--------+

Top non-repeatable levels by time:
    D:11: 3547 daAuts
 Snake:4: 3445 daAuts
    D:14: 3260 daAuts
 Snake:2: 3157 daAuts
     D:6: 2819 daAuts
    D:15: 2768 daAuts
 Snake:3: 2643 daAuts
  Lair:6: 2639 daAuts
Vaults:1: 2580 daAuts
     D:9: 2573 daAuts
     D:8: 2448 daAuts
   Orc:2: 2364 daAuts
    D:10: 2232 daAuts
Depths:1: 2207 daAuts
 Snake:1: 2136 daAuts
